 Dungeon Sprint DCSS version 0.26-a0-649-gf8c6c3aab7 (webtiles) character file.

Game seed: 4520722054557598645

10598 sahdkjhfkaj the Imperceptible (level 11, -2/47 HPs)
             Began as a Spriggan Enchanter on Sept 26, 2020.
             Was the Champion of Dithmenos.
             Slain by Duvessa
             ... wielding a +2 great sword of freezing
              (4 damage)
             ... in the Dungeon (Sprint III: "The Ten Rune Challenge").
             The game lasted 00:06:27 (2276 turns).

sahdkjhfkaj the Imperceptible (Spriggan Enchanter)  Turns: 2276, Time: 00:06:27

Health: -2/47      AC:  2    Str:  4    XL:     11   Next: 38%
Magic:  27/29      EV: 18    Int: 18    God:    Dithmenos [******]
Gold:   21         SH:  0    Dex: 19    Spells: 31/37 levels left

rFire    . . .     SeeInvis +   a - +1 dagger
rCold    . . .     Faith    .   (shield restricted)
rNeg     . . .     Spirit   .   b - +0 robe
rPois    .         Reflect  .   (helmet restricted)
rElec    .         Harm     .   (no cloak)
rCorr    .         Rampage  .   (gloves unavailable)
MR       +....     NoTele   +   (boots unavailable)
Stlth    ++++++++++             (no amulet)
HPRegen  0.15/turn              (no ring)
MPRegen  0.21/turn              (no ring)

@: confusing touch, wreathed by umbra, very quick
A: very small, unfitting armour, see invisible, speed 3
a: Shadow Step, Shadow Form, Renounce Religion


You were in the Dungeon.
You worshipped Dithmenos.
Dithmenos was exalted by your worship.
You visited 1 branch You collected 21 gold pieces.

Inventory:

Hand Weapons
 a - a +1 dagger (weapon)
Armour
 b - a +0 robe (worn)
Wands
 n - a wand of enslavement (10)
Scrolls
 c - 4 scrolls of identify
 i - a scroll of blinking
 j - 3 scrolls of immolation {unknown}
 k - a scroll of enchant armour {unknown}
 l - 2 scrolls of remove curse
Potions
 d - 3 potions of mutation {unknown}
 e - 2 potions of heal wounds
 f - a potion of haste
 g - 2 potions of magic
 h - 4 potions of flight
 m - a potion of might
 o - a potion of curing


   Skills:
 + Level 12.5 Short Blades
 - Level 3.0 Dodging
 + Level 23.3 Stealth
 + Level 13.7 Spellcasting
 * Level 18.3 Hexes


You had 31 spell levels left.
You knew the following spells:

 Your Spells              Type           Power        Failure   Level
a - Corona                Hex            ######.      0%          1
b - Ensorcelled Hibernat  Hex/Ice        #####.       1%          2
c - Confusing Touch       Hex            ######..     0%          3

Your spell library contained the following spells:

 Spells                   Type           Power        Failure   Level
 Slow                     Hex            ######..     0%          2
 Tukima's Dance           Hex            ######..     0%          3
 Dazzling Flash           Conj/Hex       #####.       1%          3
 Magic Dart               Conj           ##..         5%          1
 Blink                    Tloc           N/A          9%          2
 Call Imp                 Summ           ##......     9%          2
 Conjure Flame            Conj/Fire      ##......     16%         3
 Mephitic Cloud           Conj/Pois/Air  ##......     16%         3


Dungeon Overview and Level Annotations

Branches:
Dungeon (1/1)

Altars:
Cheibriados
Dithmenos
Elyvilon
Fedhas
Gozag
Hepliaklqana
Kikubaaqudgha
Makhleb
Nemelex Xobeh
Okawaru
Qazlal
Ru
Sif Muna
Trog
Uskayaw
Vehumet
Wu Jian
Xom
Yredelemnul
Zin
The Shining One
Beogh
Jiyva
Lugonu

Annotations:
D Duvessa, Rupert


Innate Abilities, Weirdness & Mutations

You are very small and have problems with some larger weapons.
You are too small for most types of armour.
You have supernaturally acute eyesight. (SInv)
You cover ground extremely quickly.


Message History

Unknown command.
Unknown command.
Unknown command.
Unknown command.
Unknown command.
There is an open door here.
Unknown command.
Casting: Ensorcelled Hibernation (safe; 1% risk of failure)
Confirm with . or Enter, or press ? or * to list all spells.
Your hands begin to glow red.
Duvessa hits you with a +2 great sword of freezing!
You emit a cloud of dark smoke.
Duvessa freezes you.
You close the door.
Duvessa opens the door.
There's a creature in the doorway!
Duvessa rages.
Duvessa hits you with a +2 great sword of freezing!!
Ouch! That really hurt!
* * * LOW HITPOINT WARNING * * *
You emit a cloud of dark smoke.
Duvessa freezes you.
You die...

'## ..# ..# #'#
..#+#####################
..#....#.#.#)....#....^^+
..##.#.)#.##.###.#..^.^.#
..)##.#.#.##.#)§##§.....#
..#)..#..#..##.§@§..^...#
▓▓▓▓▓▓▓▓▓▓▓▓▓▓▓▓#e§^....#
≈≈........≈≈≈...#.§§§^.^#
≈≈≈≈≈≈≈≈≈≈≈≈♣♣P.'.§§§...#
♣♣♣♣♣♣♣♣♣♣♣♣♣♣PP#§§§....#
♣♣♣##§######
♣♣♣♣♣♣♣♣♣♣♣♣♣♣ #§§.+
#..##≈§§§≈≈..# #...#
.##†#§§§§≈...# #)..#


You could see Duvessa (berserk).

Vanquished Creatures
  Dowan (D)
  2 hydras (D)
  Erolcha (D)
  Urug (D)
  A death drake (D)
  A lindwurm (D)
  A deep elf mage (D)
  A rime drake (D)
  2 cane toads (D)
  A komodo dragon (D)
  2 tyrant leeches (D)
  5 blink frogs (D)
  5 redbacks (D)
  A shadow (D)
  A swamp drake (D)
  A necrophage (D)
  5 two-headed ogres (D)
  A water elemental (D)
  A scorpion (D)
  3 wandering mushrooms (D)
  An electric eel (D)
  A jelly (D)
  A wizard (D)
  A necromancer (D)
  3 humans (D)
  A kobold demonologist (D)
  2 oozes (D)
  2 rats (D)
49 creatures vanquished.

Vanquished Creatures (others)
  A spriggan druid (D)
  2 spriggans (D)
3 creatures vanquished.

Grand Total: 52 creatures vanquished

Notes
Turn   | Place    | Note
-------+----------+-------------------------------------------
     0 | D        | sahdkjhfkaj the Spriggan Enchanter began the quest for the
                  | Orb.
     0 | D        | Reached XP level 1. HP: 9/9 MP: 5/5
     4 | D        | Reached skill level 6 in Stealth
     7 | D        | Reached skill level 8 in Stealth
     7 | D        | Reached XP level 2. HP: 13/13 MP: 6/6
    16 | D        | Learned a level 2 spell: Ensorcelled Hibernation
    52 | D        | Reached skill level 10 in Stealth
    52 | D        | Reached XP level 3. HP: 16/16 MP: 1/8
   169 | D        | Noticed a scorpion
   188 | D        | Killed a scorpion
   188 | D        | Reached skill level 12 in Stealth
   188 | D        | Reached XP level 4. HP: 21/21 MP: 0/9
   266 | D        | Learned a level 3 spell: Confusing Touch
   391 | D        | Noticed a water elemental
   394 | D        | Killed a water elemental
   394 | D        | Reached skill level 15 in Stealth
   394 | D        | Reached XP level 5. HP: 24/24 MP: 10/10
   403 | D        | Found a basalt altar of Yredelemnul.
   403 | D        | Found a shadowy altar of Dithmenos.
   403 | D        | Found a sacrificial altar of Ru.
   403 | D        | Noticed a necrophage
   406 | D        | Killed a necrophage
   406 | D        | Reached skill level 17 in Stealth
   410 | D        | Became a worshipper of Dithmenos the Shadowed
   422 | D        | Found a radiant altar of Vehumet.
   423 | D        | Found a shimmering blue altar of Sif Muna.
   423 | D        | Found an ancient bone altar of Kikubaaqudgha.
   424 | D        | Reached skill level 18 in Stealth
   424 | D        | Reached XP level 6. HP: 28/28 MP: 11/11
   437 | D        | Found a glowing silver altar of Zin.
   438 | D        | Found a glowing golden altar of the Shining One.
   438 | D        | Found a white marble altar of Elyvilon.
   438 | D        | Noticed a deep elf mage
   440 | D        | Killed a deep elf mage
   440 | D        | Reached * piety under Dithmenos
   440 | D        | Reached skill level 19 in Stealth
   440 | D        | Reached XP level 7. HP: 32/32 MP: 11/17
   489 | D        | Noticed a shadow
   491 | D        | Killed a shadow
   491 | D        | Reached skill level 5 in Short Blades
   517 | D        | Found a blossoming altar of Fedhas.
   517 | D        | Found a stormy altar of Qazlal.
   517 | D        | Found a snail-covered altar of Cheibriados.
   517 | D        | Found a burning altar of Makhleb.
   517 | D        | Found a shimmering altar of Xom.
   518 | D        | Found a hazy altar of Hepliaklqana.
   518 | D        | Found an opulent altar of Gozag.
   518 | D        | Found a sparkling altar of Nemelex Xobeh.
   518 | D        | Found a corrupted altar of Lugonu.
   518 | D        | Found a viscous altar of Jiyva.
   518 | D        | Noticed a spatial vortex
   634 | D        | Found a hide-covered altar of Uskayaw.
   634 | D        | Found an iron altar of Okawaru.
   635 | D        | Found a roughly hewn altar of Beogh.
   635 | D        | Found a bloodstained altar of Trog.
   635 | D        | Found an ornate altar of the Wu Jian Council.
   635 | D        | Noticed a human
   635 | D        | Noticed a human
   667 | D        | Killed a human
   667 | D        | Reached ** piety under Dithmenos
   667 | D        | Reached XP level 8. HP: 18/36 MP: 14/19
   884 | D        | Reached skill level 10 in Hexes
   938 | D        | Reached *** piety under Dithmenos
   938 | D        | Reached skill level 20 in Stealth
   987 | D        | Noticed a two-headed ogre
   990 | D        | Killed a two-headed ogre
   997 | D        | Noticed a two-headed ogre
   997 | D        | Noticed Erolcha
   999 | D        | Killed Erolcha
   999 | D        | Reached XP level 9. HP: 39/39 MP: 21/23
  1000 | D        | Killed a two-headed ogre
  1019 | D        | Reached **** piety under Dithmenos
  1019 | D        | Reached skill level 21 in Stealth
  1019 | D        | Reached skill level 10 in Spellcasting
  1028 | D        | Noticed a wandering mushroom
  1032 | D        | Noticed a wandering mushroom
  1041 | D        | Noticed a wandering mushroom
  1260 | D        | Noticed Dowan
  1260 | D        | Noticed Duvessa
  1531 | D        | Killed a wandering mushroom
  1564 | D        | Noticed a cane toad
  1564 | D        | Noticed a komodo dragon
  1564 | D        | Noticed a cane toad
  1568 | D        | Killed a komodo dragon
  1568 | D        | Reached ***** piety under Dithmenos
  1569 | D        | Killed a cane toad
  1571 | D        | Killed a cane toad
  1571 | D        | Reached skill level 10 in Short Blades
  1571 | D        | Reached XP level 10. HP: 44/44 MP: 24/26
  1584 | D        | Reached skill level 15 in Hexes
  1598 | D        | Noticed a lindwurm
  1602 | D        | Killed a lindwurm
  1619 | D        | Reached skill level 22 in Stealth
  1640 | D        | Noticed Urug
  1642 | D        | Killed Urug
  1642 | D        | Reached ****** piety under Dithmenos
  1649 | D        | Noticed a six-headed hydra
  1649 | D        | Noticed a six-headed hydra
  1694 | D        | Killed a six-headed hydra
  1746 | D        | Killed a six-headed hydra
  1760 | D        | Noticed a death drake
  1763 | D        | Killed a death drake
  1763 | D        | Reached XP level 11. HP: 47/47 MP: 28/28
  1770 | D        | Found a blossoming altar of Fedhas.
  1770 | D        | Noticed a spriggan druid
  1814 | D        | Killed a spriggan druid
  2182 | D        | Reached skill level 23 in Stealth
  2214 | D        | Noticed Rupert
  2266 | D        | Killed Dowan
  2276 | D        | HP: 2/47 [Duvessa/+2 great sword of freezing (30)]
  2276 | D        | Slain by Duvessa

Illustrated notes

Levels and vault maps discovered:
D:        dungeon_sprint_mu [sprint_mu_entry_forest, sprint_mu_temple_rooms,
          sprint_mu_d1_spiders, sprint_mu_d2_genie, sprint_mu_d3_branching,
          sprint_mu_orc_legion, sprint_mu_elf_gauntlet, sprint_mu_hive_nellie,
          sprint_mu_lair_fedhas, sprint_mu_vaults_butterflies,
          sprint_mu_slime_circle, sprint_mu_shoals_archi,
          sprint_mu_snake_twists, sprint_mu_blade_basic, sprint_mu_crypt_lich,
          sprint_mu_tomb_spiral, sprint_mu_vestibule_basic,
          sprint_mu_gehenna_hellfire, sprint_mu_dis_giant,
          sprint_mu_tartarus_statrot, sprint_mu_cocytus_islands, sprint_mu_zot1]

Skill      XL: |  1  2  3  4  5  6  7  8  9 10 11 |
---------------+----------------------------------+-----
Stealth        | 8 10 12 15 18 19 20 21 22 23 | 23.3
Short Blades   | 4 5 8 10 11 12 | 12.5
Spellcasting   | 6 7 9 11 12 13 | 13.7
Hexes          | 8 9 12 14 17 18 | 18.3
Dodging        | |  3.0

Action                   |  1- 3 |  4- 6 |  7- 9 | 10-12 || total
-------------------------+-------+-------+-------+-------++-------
Melee: Dagger            |    11 |     6 |    33 |    21 ||    71
 Cast: Ensorcelled Hiber |     6 |       |     6 |    18 ||    30
       Confusing Touch   |       |       |     5 |     1 ||     6
  Use: Potion            |     2 |       |     2 |       ||     4
 Stab: Sleeping          |     5 |     6 |    14 |    19 ||    44
       Confused          |       |       |     2 |       ||     2
Dodge: Dodged            |     5 |       |     9 |    10 ||    24

Table legend: (Time is in decaauts)
 A = Elapsed time spent in this place.
 B = Non-inter-level travel time spent in this place.
 C = Inter-level travel time spent in this place.
 D = Time resting spent in this place.
 E = Time spent auto-exploring this place.
 F = Levels seen in this place.
 G = Mean time per level.
                   A        B        C        D        E       F      G
               +--------+--------+--------+--------+--------+-----+--------+
         Total |   2089 |   2089 |      0 |   1605 |      0 |   1 | 2089.0 |
       Dungeon |   2089 |   2089 |      0 |   1605 |      0 |   1 | 2089.0 |
               +--------+--------+--------+--------+--------+-----+--------+

Top non-repeatable levels by time:
       D: 2089 daAuts
